 Dungeon Crawl Stone Soup version 0.10.0-32-gfa280cc character file.

56775 PollyEsther the Eclecticist (level 14, -11/68 HPs)
             Began as a Deep Elf Fire Elementalist on Mar 13, 2012.
             Was a High Priest of Vehumet.
             Mangled by a sun demon (24 damage)
             ... on Level 8 of the Lair of Beasts.
             The game lasted 04:53:39 (25233 turns).

PollyEsther the Eclecticist (DEFE)                 Turns: 25233, Time: 04:53:39

HP -11/68        AC  8     Str 10      XL: 14   Next: 33%
MP  46/46        EV 19     Int 23      God: Vehumet [*****.]
Gold 985         SH 12     Dex 17      Spells:  8 memorised, 18 levels left

Res.Fire  : + + +   See Invis. : .   w - +3,+5 falchion of the Pill Bug {freeze, rF Res.Cold : . . . Warding : . . x - +0 robe {rF+} Life Prot.: . . . Conserve : + M - +1 elf buckler {AC+3} Res.Acid. : . . . Res.Corr. : . g - +1 cap
Res.Poison: .       Clarity    : .   y - +1 cloak "Qomicw" {Str+2 Dex+2}
Res.Elec. : .       Spirit.Shd : .   (no gloves)
Sust.Abil.: . .     Stasis     : .   (no boots)
Res.Mut.  : .       Ctrl.Telep.: .   h - amulet of conservation
Res.Rott. : .       Levitation : .   t - ring of protection from fire
Saprovore : . . .   Ctrl.Flight: .   l - cursed ring of magical power

@: somewhat resistant to hostile enchantments, stealthy
A: no striking features
a: Renounce Religion


You were on level 8 of the Lair of Beasts.
You worshipped Vehumet.
Vehumet was exalted by your worship.
You were not hungry.

You visited 3 branches of the dungeon, and saw 23 of its levels.

You collected 1205 gold pieces.
You spent 240 gold pieces at shops.


   Skills:
 - Level 10.0 Dodging
 - Level 3.2 Stealth
 + Level 3.4 Shields
 - Level 5.0 Traps & Doors
 - Level 16.0 Spellcasting
 * Level 15.4 Conjurations
 - Level 10.0 Necromancy
 - Level 15.0 Fire Magic
 - Level 2.2 Earth Magic
 - Level 3.0 Poison Magic


You had 18 spell levels left.
You knew the following spells:

 Your Spells              Type           Power        Failure   Level  Hunger
a - Throw Flame           Fire/Conj      #######      0%          2    None
b - Stone Arrow           Erth/Conj      #######      1%          3    None
c - Mephitic Cloud        Pois/Air/Conj  ######...    1%          3    None
d - Sticky Flame          Fire/Conj      #######..    1%          4    None
e - Fireball              Fire/Conj      #######...   1%          5    None
f - Agony                 Necr           #######..    1%          5    None
g - Conjure Flame         Fire/Conj      #######..    1%          3    None
u - Sublimation of Blood  Necr           #######...   1%          2    None

Inventory:

Hand weapons
 w - the +3,+5 falchion of the Pill Bug (weapon) {freeze, rF+}
   (You found it on level 12 of the Dungeon)

   It has been specially enchanted to freeze those struck by it, causing extra
   injury to most foes and up to double damage against particularly susceptible
   opponents.
   It can also slow down cold-blooded creatures.
   It protects you from fire.
Armour
 g - a +1 cap (worn)
 m - the +2 cloak "Ghehu" {rElec Str-1}
   (You found it on level 7 of the Lair of Beasts)

   It affects your strength (-1).
   It insulates you from electricity.
 x - a +0 robe of fire resistance (worn)
 y - the +1 cloak "Qomicw" (worn) {Str+2 Dex+2}
   (You bought it in a shop on level 9 of the Dungeon)

   It affects your strength (+2).
   It affects your dexterity (+2).
 M - a +1 elven buckler of protection (worn)
Magical devices
 a - a wand of fireball (10)
 j - a wand of disintegration (2)
 k - a wand of fire (2)
 B - a wand of frost (0)
 E - a wand of lightning (8)
 F - a wand of draining (8)
 O - a wand of heal wounds (4) {heal?, !V, unknown}
Comestibles
 c - 4 bread rations
 d - an apple
Jewellery
 h - an amulet of conservation (around neck)
 l - a cursed ring of magical power (left hand)
 p - an uncursed ring of protection from magic
 s - a +3 ring of strength
 t - a ring of protection from fire (right hand)
 N - an uncursed ring of protection from cold
Potions
 b - a potion of agility
 n - 2 potions of curing
 q - a potion of resistance
 v - a potion of brilliance
 z - a potion of invisibility
 H - 3 potions of speed
 L - a potion of magic

Dungeon Overview and Level Annotations

Branches:
Dungeon (14/27)            Temple (1/1) D:6             Orc (0/4) D:8
   Lair (8/8) D:9           Swamp (0/5) Lair:3        Slime (0/6) Lair:7
  Snake (0/5) Lair:5
  Vault: D:14-19

Altars:
Ashenzari
Cheibriados
Elyvilon
Fedhas
Kikubaaqudgha
Makhleb
Nemelex Xobeh
Okawaru
Sif Muna
The Shining One
Trog
Vehumet
Xom
Yredelemnul
Zin

Shops:
D:6: ? D:9: [?

Annotations
D:3 Grinder
D:13 1 exclusion
D:14 exclusion: Roxanne, Roxanne
Lair:3 exclusion: downstairs
Lair:5 1 exclusion

...'...8.8..# . ♣♣♣♣♣♣.
...#).8.8...# ... ♣♣♣♣♣..♣ ..
#§..8.8..# ♣.. ♣♣♣♣..♣♣♣
####4.8.8...# ♣♣.♣♣♣♣..♣♣♣♣
...§...8.8..# ♣♣..♣♣..♣♣♣♣
..4#........#♣♣♣♣♣♣ ♣♣..♣..♣♣♣
...##########♣♣♣♣♣♣♣ ♣♣♣♣..♣♣♣
#### ♣♣♣♣♣♣.♣♣P♣♣♣♣♣♣♣..♣♣♣♣ ♣♣
♣♣♣♣♣♣....3@.♣♣♣♣♣..♣♣♣♣♣♣♣ ♣♣♣
♣♣♣♣♣....♣♣♣...♣♣♣..♣♣♣♣♣♣♣♣♣
♣♣♣♣♣♣♣...♣♣♣♣♣♣♣♣♣..♣.♣♣♣♣P..♣♣♣
.♣♣♣♣♣...♣♣♣♣♣♣♣♣♣♣♣♣...♣.......♣
♣..♣...♣♣♣♣♣ ♣♣♣♣♣....♣♣♣♣♣♣.
♣♣♣.....♣♣♣ ♣♣♣♣..♣♣♣♣♣♣♣♣
♣♣♣♣....♣♣ ♣♣♣.♣♣♣♣ ♣♣♣
♣♣♣♣♣.♣♣♣♣♣♣♣♣♣♣ ♣♣%♣♣♣♣ ♣
♣♣♣♣♣♣♣♣♣♣♣♣♣♣♣♣♣♣♣♣♣♣♣♣.♣♣♣♣♣


You could see a sun demon.


Message History

The puff of frost hits the sun demon.
The sun demon is frozen!
The sun demon is heavily wounded.
The sun demon closely misses you.
Evoke which item? (* to show all) (? for menu, Esc to quit)
Zapping:
B - a wand of frost {zapped: 7}
Aim: a sun demon (heavily wounded)
The puff of frost hits the sun demon.
The sun demon appears unharmed.
The sun demon is heavily wounded.
The sun demon hits you!
* * * LOW HITPOINT WARNING * * *
You are engulfed in flames.
* * * LOW HITPOINT WARNING * * *
The sun demon closely misses you.
Evoke which item? (* to show all) (? for menu, Esc to quit)
Zapping:
B - a wand of frost {zapped: 8}
Aim: a sun demon (heavily wounded)
The puff of frost hits the sun demon.
The sun demon appears unharmed.
The sun demon is heavily wounded.
The sun demon misses you.
Evoke which item? (* to show all) (? for menu, Esc to quit)
Zapping:
B - a wand of frost {zapped: 9}
Aim: a sun demon (heavily wounded)
The puff of frost hits the sun demon.
The sun demon is frozen!
The sun demon is severely wounded.
You block the sun demon's attack.
Evoke which item? (* to show all) (? for menu, Esc to quit)
Zapping:
B - a wand of frost {zapped: 10}
Aim: a sun demon (severely wounded) Nothing appears to happen.
The sun demon hits you!
You die...

Table legend:
 A = Turns spent in this place as a percentage of turns spent in the entire game.
 B = Non-inter-level travel turns spent in this place as a percentage of non-inter-level travel turns spent in the entire game.
 C = Inter-level travel turns spent in this place as a percentage of turns spent in this place.
 D = Turns resting spent in this place as a percentage of non-inter-level travel turns spent in this place.
 E = Turns spent auto-exploring this place as a percentage of non-inter-level travel turns spent in this place.
 F = Non-inter-level travel turns spent in this place divided by the number of levels of this place that you've seen.
                   A       B       C       D       E      F
               +-------+-------+-------+-------+-------+----------------------
         Total | 100.0 | 100.0 |   1.0 |   1.9 |   5.8 | 418.0
       Dungeon |  59.5 |  59.5 |   1.0 |   2.4 |   5.7 | 408.9
        Temple |   0.4 |   0.4 |   5.1 |   0.0 |   8.1 |  37.0
          Lair |  40.1 |  40.1 |   1.1 |   1.1 |   6.0 | 481.5
               +-------+-------+-------+-------+-------+----------------------

Table legend:
 A = Kills in this place as a percentage of kills in entire the game.
 B = Kills by you in this place as a percentage of kills by you in the entire game.
 C = Kills by friends in this place as a percentage of kills by friends in the entire game.
 D = Other kills in this place as a percentage of other kills in the entire game.
 E = Experience gained in this place as a percentage of experience gained in the entire game.
 F = Experience gained in this place divided by the number of levels of this place that you have seen.
                   A       B       C       D       E      F
               +-------+-------+-------+-------+-------+----------------------
         Total | 100.0 | 100.0 |  -nan | 100.0 | 100.0 | 3443.5
       Dungeon |  59.2 |  59.1 |  -nan | 100.0 |  31.3 | 1769.1
          Lair |  40.8 |  40.9 |  -nan |   0.0 |  68.7 | 6804.2
               +-------+-------+-------+-------+-------+----------------------

Vault maps used:
D:1:      normal: sevenhm_entry_forest_fort_large_4
D:2:      normal: item_on_display_a extra: corexii_leaking_fountain
D:3:      normal: uniq_terence, uniq_grinder extra: first_bread
D:4:      normal: xom_confusion_cloud
D:5:      normal: uniq_pikel, uniq_sigmund
D:6:      normal: serial_gnoll_camp, grums_kennel, gnoll_camp_huts_moat,
          gnoll_camp_mini_shop, gnoll_camp_mini_loothouse, gnoll_camp_medium_01,
          bloody_makhleb, minmay_temple_entry_grid extra:
          minmay_misc_feat_more_columns
D:7:      extra: hangedman_fish_farm
D:8:      normal: overflow_temple_1_default, erik_orc_3
D:9:      normal: overflow_temple_1_default, overflow_temple_1_default,
          vehumet_crystals, lair_0_dummy extra: serial_shops, shop, shop
D:10:     normal: zaba_antful_of_joy, uniq_urug
D:11:     normal: ashenzari_altar_2
D:13:     normal: hellmouth_3
D:14:     normal: uniq_roxanne, uniq_josephine
Temple:   normal: triangle_lava_temple_11
Lair:1:   normal: uniq_joseph
Lair:3:   normal: minmay_swamp_entry_swarm extra: minmay_hedge_maze
Lair:4:   normal: uniq_erica
Lair:5:   normal: fedhas_growing_garden, dummy_snake_entry
Lair:7:   normal: minmay_slime_entry_jelly_boxes
Lair:8:   normal: evil_forest

Notes
Turn   | Place    | Note
--------------------------------------------------------------
     0 | D:1      | PollyEsther, the Deep Elf Fire Elementalist, began the quest for the Orb.
     0 | D:1      | Reached XP level 1. HP: 10/10 MP: 4/4
   224 | D:1      | Reached skill level 2 in Spellcasting
   508 | D:1      | Reached XP level 2. HP: 15/15 MP: 5/7
   517 | D:1      | Learned a level 2 spell: Throw Flame
   630 | D:1      | Reached skill level 2 in Conjurations
   959 | D:1      | Reached skill level 3 in Spellcasting
  1396 | D:2      | Reached skill level 3 in Conjurations
  1506 | D:2      | Reached XP level 3. HP: 19/19 MP: 7/10
  1548 | D:1      | Learned a level 3 spell: Conjure Flame
  1828 | D:2      | Reached skill level 4 in Conjurations
  2256 | D:3      | Noticed a giant frog
  2263 | D:3      | Killed a giant frog
  2263 | D:3      | Reached skill level 4 in Spellcasting
  2263 | D:3      | Reached skill level 4 in Fire Magic
  2263 | D:3      | Reached XP level 4. HP: 24/24 MP: 0/14
  2461 | D:3      | Reached skill level 5 in Fire Magic
  2649 | D:3      | Noticed Grinder
  2719 | D:3      | Noticed Terence
  2818 | D:3      | Killed Terence
  2818 | D:3      | Reached XP level 5. HP: 28/28 MP: 12/17
  2952 | D:3      | Noticed araganzar's ghost (weakling SpEn)
  3131 | D:3      | Killed araganzar's ghost
  3467 | D:3      | Learned a level 4 spell: Sticky Flame
  3536 | D:4      | Noticed a jelly
  3554 | D:4      | Reached skill level 5 in Spellcasting
  3554 | D:4      | Reached skill level 5 in Conjurations
  3554 | D:4      | Reached XP level 6. HP: 32/32 MP: 19/19
  3576 | D:4      | Found a shimmering altar of Xom.
  3581 | D:4      | Killed a jelly
  3704 | D:4      | Reached skill level 6 in Conjurations
  3926 | D:4      | Reached skill level 6 in Spellcasting
  3929 | D:4      | Reached XP level 7. HP: 36/36 MP: 5/22
  4491 | D:4      | Reached skill level 6 in Fire Magic
  4566 | D:5      | Entered Level 5 of the Dungeon
  4668 | D:5      | Noticed Pikel
  4681 | D:5      | Killed Pikel
  4681 | D:5      | Reached skill level 7 in Spellcasting
  4681 | D:5      | Reached skill level 7 in Conjurations
  4681 | D:5      | Reached XP level 8. HP: 41/41 MP: 9/25
  4970 | D:5      | HP: 2/41 [centaur/arrow (10)]
  5274 | D:5      | Noticed Sigmund
  5401 | D:5      | Got a jewelled leather armour
  5422 | D:5      | Identified the +2 leather armour of Plasticity (You found it on level 5 of the Dungeon)
  5624 | D:6      | Found a staircase to the Ecumenical Temple.
  5633 | Temple   | Entered the Ecumenical Temple
  5762 | Temple   | Learned a level 5 spell: Fireball
  5815 | D:6      | Reached skill level 7 in Fire Magic
  5987 | D:6      | Reached skill level 8 in Spellcasting
  6079 | D:6      | Found Foledyh's Magic Scroll Shop.
  6382 | D:6      | Reached skill level 8 in Fire Magic
  6434 | D:6      | Reached XP level 9. HP: 45/45 MP: 3/27
  6974 | D:6      | Reached skill level 8 in Conjurations
  7120 | D:6      | Found a burning altar of Makhleb.
  7207 | D:6      | Noticed Grum
  7210 | D:6      | Killed Grum
  7210 | D:6      | Reached skill level 9 in Spellcasting
  7493 | D:6      | Learned a level 2 spell: Sublimation of Blood
  7552 | D:7      | Reached skill level 1 in Necromancy
  7665 | D:7      | Paralysed by a giant eyeball for 3 turns
  7832 | D:7      | Reached skill level 2 in Necromancy
  7913 | D:7      | Reached skill level 9 in Conjurations
  7923 | D:7      | Reached skill level 10 in Spellcasting
  8344 | D:8      | Reached skill level 3 in Necromancy
  8688 | D:8      | Found a bloodstained altar of Trog.
  8809 | D:8      | Found a staircase to the Orcish Mines.
  8820 | D:8      | Reached skill level 9 in Fire Magic
  8820 | D:8      | Reached XP level 10. HP: 50/50 MP: 14/30
  9202 | D:9      | Found an ancient bone altar of Kikubaaqudgha.
  9211 | D:9      | Found a radiant altar of Vehumet.
  9324 | D:9      | Became a worshipper of Vehumet
  9353 | D:9      | Found Praitag's Magic Scroll Boutique.
  9360 | D:9      | Bought a scroll of fog for 26 gold pieces
  9360 | D:9      | Bought a scroll of identify for 26 gold pieces
  9360 | D:9      | Bought a scroll of identify for 26 gold pieces
  9403 | D:9      | Found a staircase to the Lair.
  9447 | Lair:1   | Entered Level 1 of the Lair of Beasts
  9559 | Lair:1   | Reached skill level 3 in Stealth
  9562 | Lair:1   | Reached skill level 3 in Dodging
  9649 | D:9      | Found Kuumn's Antique Armour Emporium.
  9783 | D:5      | Killed Sigmund
 10192 | Lair:1   | Noticed Joseph
 10203 | Lair:1   | Killed Joseph
 10203 | Lair:1   | Reached skill level 11 in Spellcasting
 10297 | Lair:1   | Acquired Vehumet's first power
 10320 | Lair:1   | Reached skill level 4 in Dodging
 10589 | Lair:2   | Reached skill level 10 in Fire Magic
 11008 | Lair:2   | Reached skill level 5 in Dodging
 11008 | Lair:2   | Reached skill level 10 in Conjurations
 11283 | Lair:2   | Reached skill level 12 in Spellcasting
 11393 | Lair:2   | Acquired Vehumet's second power
 11558 | D:9      | Noticed a wolf spider
 11562 | D:9      | Killed a wolf spider
 11682 | D:9      | Found a deep blue altar of Sif Muna.
 11701 | D:9      | Reached skill level 6 in Dodging
 12204 | D:9      | Bought a bloodstained cloak for 162 gold pieces
 12208 | D:9      | Identified the +1 cloak "Qomicw" (You bought it in a shop on level 9 of the Dungeon)
 12228 | D:10     | Entered Level 10 of the Dungeon
 12286 | D:10     | Reached XP level 11. HP: 50/54 MP: 32/32
 12630 | D:10     | Noticed Urug
 12635 | D:10     | Killed Urug
 12689 | D:10     | Reached skill level 11 in Conjurations
 12781 | D:10     | Reached skill level 7 in Dodging
 12939 | D:10     | Acquired Vehumet's third power
 12939 | D:10     | Reached skill level 1 in Traps & Doors
 13081 | D:10     | Reached skill level 13 in Spellcasting
 13397 | Lair:2   | Learned a level 3 spell: Stone Arrow
 13431 | Lair:3   | Reached skill level 2 in Traps & Doors
 13453 | Lair:3   | Reached skill level 1 in Earth Magic
 13628 | Lair:3   | Reached skill level 2 in Earth Magic
 13729 | Lair:3   | Reached skill level 11 in Fire Magic
 13800 | Lair:3   | Reached skill level 4 in Necromancy
 13900 | Lair:3   | Found a staircase to the Swamp.
 13912 | Lair:3   | Acquired Vehumet's fourth power
 14091 | Lair:3   | Reached skill level 5 in Necromancy
 14422 | Lair:4   | Reached skill level 14 in Spellcasting
 14480 | Lair:4   | Noticed Erica
 14522 | Lair:4   | Killed Erica
 14522 | Lair:4   | Reached skill level 12 in Conjurations
 14723 | Lair:4   | Reached XP level 12. HP: 59/59 MP: 35/35
 14866 | Lair:4   | Reached skill level 6 in Necromancy
 15800 | Lair:5   | Found a staircase to the Snake Pit.
 15922 | Lair:5   | Reached skill level 13 in Conjurations
 15922 | Lair:5   | Reached skill level 7 in Necromancy
 16092 | Lair:5   | Reached skill level 15 in Spellcasting
 16172 | Lair:5   | Reached skill level 8 in Necromancy
 16181 | Lair:5   | Reached skill level 14 in Conjurations
 16469 | Lair:5   | Found a blossoming altar of Fedhas.
 16940 | Lair:6   | Reached skill level 9 in Necromancy
 17245 | Lair:2   | Learned a level 5 spell: Agony
 17371 | Lair:6   | Reached skill level 15 in Conjurations
 17568 | Lair:6   | Reached skill level 10 in Necromancy
 17589 | Lair:6   | Reached XP level 13. HP: 63/63 MP: 22/36
 17850 | Lair:6   | Reached skill level 12 in Fire Magic
 17950 | Lair:6   | Reached skill level 3 in Traps & Doors
 18642 | Lair:7   | Reached skill level 8 in Dodging
 18670 | Lair:7   | Reached skill level 4 in Traps & Doors
 18772 | Lair:7   | Got a warped cloak
 18776 | Lair:7   | Identified the +2 cloak "Ghehu" (You found it on level 7 of the Lair of Beasts)
 19009 | Lair:7   | Found a staircase to the Slime Pits.
 19206 | Lair:7   | Reached skill level 13 in Fire Magic
 19230 | Lair:7   | Reached skill level 9 in Dodging
 19776 | Lair:7   | Reached skill level 5 in Traps & Doors
 20144 | D:11     | Found a shattered altar of Ashenzari.
 20826 | D:11     | come on, Vehu
 21174 | D:12     | Got a twisted falchion
 21178 | D:12     | Identified the falchion of the Pill Bug {freeze, rF+} (You found it on level 12 of the Dungeon)
 21723 | D:12     | Reached skill level 14 in Fire Magic
 21831 | D:12     | Reached skill level 10 in Dodging
 22265 | D:13     | Received a gift from Vehumet
 22291 | D:13     | Learned a level 3 spell: Mephitic Cloud
 23020 | D:14     | Entered Level 14 of the Dungeon
 23144 | D:14     | Noticed Josephine
 23146 | D:14     | Killed Josephine
 23146 | D:14     | Reached skill level 1 in Shields
 23189 | D:14     | Reached skill level 16 in Spellcasting
 23298 | D:14     | Noticed Roxanne
 23553 | D:14     | Reached XP level 14. HP: 60/68 MP: 37/37
 23592 | D:14     | Reached skill level 2 in Shields
 24174 | Lair:8   | Entered Level 8 of the Lair of Beasts
 24315 | Lair:8   | Reached skill level 1 in Poison Magic
 24680 | Lair:8   | Reached skill level 3 in Shields
 24680 | Lair:8   | Reached skill level 2 in Poison Magic
 24820 | Lair:8   | Reached skill level 15 in Fire Magic
 25026 | Lair:8   | Found a burning altar of Makhleb.
 25092 | Lair:8   | Reached skill level 3 in Poison Magic
 25224 | Lair:8   | HP: 6/68 [sun demon (13)]
 25233 | Lair:8   | Mangled by a sun demon

Vanquished Creatures
  Monster Symbol All ';'
  6 giant goldfish (Lair:4)
  10 electric eels
  14 big fish
30 creatures vanquished. All '@' Erica (Lair:4) Josephine (D:14) A wizard (Lair:8) Joseph (Lair:1) A slave (D:5) Sigmund (D:5) Terence (D:3)
7 creatures vanquished. All '*' A giant spore (D:14)
1 creature vanquished. All '4' An orange demon (Lair:8) A hellwing (Lair:8) 2 rotting devils (Lair:8)
4 creatures vanquished. All '5' 2 quasits 6 crimson imps
8 creatures vanquished. All 'a' A queen ant (D:10) 4 soldier ants (D:10) 33 worker ants
38 creatures vanquished. All 'b' 28 bats
28 creatures vanquished. All 'B' A boring beetle (Lair:6)
1 creature vanquished. All 'c' 3 centaurs
3 creatures vanquished. All 'C' A hill giant (D:11)
1 creature vanquished. All 'D' 5 hydras A wyvern (Lair:6)
6 creatures vanquished. All 'f' A ballistomycete (D:14) 6 fungi 8 toadstools
15 creatures vanquished. All 'F' 8 spiny frogs A blink frog (Lair:8) 14 giant frogs
23 creatures vanquished. All 'g' Grum (D:6) 3 gnoll sergeants (D:6) 2 gnoll shamans (D:6) 28 gnolls 17 goblins 14 hobgoblins
65 creatures vanquished. All 'G' A giant eyeball (D:7)
1 creature vanquished. All 'h' 6 war dogs (Lair:4) 2 wolves 22 hounds 23 jackals
53 creatures vanquished. All 'H' A griffon (D:14) 6 hippogriffs 2 manticores (D:11)
9 creatures vanquished. All 'I' 3 sky beasts 2 ice beasts
5 creatures vanquished. All 'j' 4 giant slugs 7 agate snails
11 creatures vanquished. All 'J' 4 slime creatures (D:12) A jellyfish (Lair:4) 20 jellies 2 oozes
27 creatures vanquished. All 'K' Pikel (D:5) A big kobold (D:13) 22 kobolds
24 creatures vanquished. All 'l' 3 komodo dragons A basilisk (Lair:2) A fire drake (Lair:8) 8 iguanas 8 giant geckos 7 giant newts
28 creatures vanquished. All 'm' A merfolk (D:7)
1 creature vanquished. All 'n' A necrophage (D:12)
1 creature vanquished. All 'o' Urug (D:10) 7 orc warriors 8 orc priests 11 orc wizards 54 orcs
81 creatures vanquished. All 'O' 7 ogres
7 creatures vanquished. All 'p' 2 hungry ghosts The ghost of araganzar the Miscreant, a weakling SpEn (D:3) A shadow (D:8)
4 creatures vanquished. All 'P' A bush (Lair:6) 2 plants
3 creatures vanquished. All 'r' 9 porcupines 37 green rats 13 quokkas 17 rats
76 creatures vanquished. All 's' A wolf spider (D:9) 4 scorpions 2 giant centipedes 4 giant mites 7 giant cockroaches
18 creatures vanquished. All 'S' 8 water moccasins A lava snake (D:13) 20 adders
29 creatures vanquished. All 't' 11 crocodiles
11 creatures vanquished. All 'T' 3 trolls
3 creatures vanquished. All 'w' 3 worms
3 creatures vanquished. All 'x' An unseen horror (D:12)
1 creature vanquished. All 'X' A feature mimic (D:11) An item mimic (Lair:4)
2 creatures vanquished. All 'y' 4 vampire mosquitoes (Lair:3)
4 creatures vanquished. All 'Y' A dire elephant (Lair:8) 15 death yaks 13 elephants 48 yaks 4 sheep (Lair:3)
81 creatures vanquished. All 'z' A red wasp zombie (D:14) A basilisk zombie (D:14) 4 wights (D:13) A killer bee zombie (D:11) A brain worm zombie (D:11) A hound skeleton (D:9) A worker ant zombie (D:14) 2 goliath beetle zombies 2 adder zombies A bat skeleton (D:5) A giant gecko zombie (D:11) A hobgoblin skeleton (D:6) An orc skeleton (D:14)
18 creatures vanquished. All 'Z' A griffon zombie (D:14) A cyclops zombie (D:14) A hippogriff zombie (D:12)
3 creatures vanquished.
734 creatures vanquished. Monster Nature Uniques Erica (Lair:4) Josephine (D:14) Pikel (D:5) Joseph (Lair:1) Urug (D:10) Grum (D:6) Sigmund (D:5) Terence (D:3)
8 creatures vanquished. Natural Monsters A dire elephant (Lair:8) A wizard (Lair:8) 5 hydras 15 death yaks An unseen horror (D:12) A hill giant (D:11) A griffon (D:14) A queen ant (D:10) 13 elephants A wolf spider (D:9) 4 slime creatures (D:12) 8 spiny frogs A blink frog (Lair:8) 3 trolls 3 komodo dragons A basilisk (Lair:2) 48 yaks A wyvern (Lair:6) A merfolk (D:7) A fire drake (Lair:8) 4 soldier ants (D:10) 6 hippogriffs 6 war dogs (Lair:4) 2 manticores (D:11) 7 orc warriors 3 sky beasts A slave (D:5) 2 ice beasts 3 centaurs 7 ogres 11 crocodiles 6 giant goldfish (Lair:4) A boring beetle (Lair:6) 8 water moccasins A big kobold (D:13) 4 giant slugs 2 wolves 14 giant frogs 7 agate snails 3 gnoll sergeants (D:6) A jellyfish (Lair:4) 10 electric eels A lava snake (D:13) 22 hounds 14 big fish 8 orc priests 8 iguanas 4 scorpions 33 worker ants 2 gnoll shamans (D:6) 11 orc wizards 4 sheep (Lair:3) 9 porcupines 20 jellies 28 gnolls 20 adders 2 giant centipedes 4 giant mites 37 green rats 3 worms A giant eyeball (D:7) 8 giant geckos 2 oozes 54 orcs 28 bats 7 giant cockroaches 17 goblins 14 hobgoblins 23 jackals 13 quokkas 7 giant newts 22 kobolds 17 rats
663 creatures vanquished. Non-Living Monsters A feature mimic (D:11) An item mimic (Lair:4)
2 creatures vanquished. Undead Monsters A red wasp zombie (D:14) A griffon zombie (D:14) 2 hungry ghosts 4 vampire mosquitoes (Lair:3) A necrophage (D:12) A cyclops zombie (D:14) A hippogriff zombie (D:12) A basilisk zombie (D:14) 4 wights (D:13) A killer bee zombie (D:11) A brain worm zombie (D:11) The ghost of araganzar the Miscreant, a weakling SpEn (D:3) A shadow (D:8) A hound skeleton (D:9) A worker ant zombie (D:14) 2 goliath beetle zombies 2 adder zombies A bat skeleton (D:5) A giant gecko zombie (D:11) A hobgoblin skeleton (D:6) An orc skeleton (D:14)
30 creatures vanquished. Demonic Monsters An orange demon (Lair:8) A hellwing (Lair:8) 2 rotting devils (Lair:8) 2 quasits 6 crimson imps
12 creatures vanquished. Plants A giant spore (D:14) A ballistomycete (D:14) A bush (Lair:6) 6 fungi 2 plants 8 toadstools
19 creatures vanquished.
734 creatures vanquished. Ascending Order A dire elephant (Lair:8) Erica (Lair:4) Josephine (D:14) A wizard (Lair:8) An unseen horror (D:12) Pikel (D:5) A hill giant (D:11) Joseph (Lair:1) Urug (D:10) A griffon (D:14) A red wasp zombie (D:14) A griffon zombie (D:14) A feature mimic (D:11) A queen ant (D:10) A wolf spider (D:9) An orange demon (Lair:8) A hellwing (Lair:8) A blink frog (Lair:8) A basilisk (Lair:2) A wyvern (Lair:6) A merfolk (D:7) A fire drake (Lair:8) Grum (D:6) An item mimic (Lair:4) A necrophage (D:12) A cyclops zombie (D:14) A slave (D:5) A hippogriff zombie (D:12) Sigmund (D:5) A boring beetle (Lair:6) A big kobold (D:13) A basilisk zombie (D:14) A jellyfish (Lair:4) A killer bee zombie (D:11) A brain worm zombie (D:11) The ghost of araganzar the Miscreant, a weakling SpEn (D:3) A shadow (D:8) A lava snake (D:13) A hound skeleton (D:9) A worker ant zombie (D:14) Terence (D:3) A bat skeleton (D:5) A giant eyeball (D:7) An orc skeleton (D:14) A giant spore (D:14) A hobgoblin skeleton (D:6) A giant gecko zombie (D:11) A ballistomycete (D:14) A bush (Lair:6) 2 hungry ghosts 2 manticores (D:11) 2 ice beasts 2 rotting devils (Lair:8) 2 wolves 2 quasits 2 gnoll shamans (D:6) 2 goliath beetle zombies 2 giant centipedes 2 adder zombies 2 oozes 2 plants 3 trolls 3 komodo dragons 3 sky beasts 3 centaurs 3 gnoll sergeants (D:6) 3 worms 4 slime creatures (D:12) 4 vampire mosquitoes (Lair:3) 4 soldier ants (D:10) 4 giant slugs 4 wights (D:13) 4 scorpions 4 sheep (Lair:3) 4 giant mites 5 hydras 6 hippogriffs 6 war dogs (Lair:4) 6 giant goldfish (Lair:4) 6 crimson imps 6 fungi 7 orc warriors 7 ogres 7 agate snails 7 giant cockroaches 7 giant newts 8 spiny frogs 8 water moccasins 8 orc priests 8 iguanas 8 giant geckos 8 toadstools 9 porcupines 10 electric eels 11 crocodiles 11 orc wizards 13 elephants 13 quokkas 14 giant frogs 14 big fish 14 hobgoblins 15 death yaks 17 goblins 17 rats 20 jellies 20 adders 22 hounds 22 kobolds 23 jackals 28 gnolls 28 bats 33 worker ants 37 green rats 48 yaks 54 orcs
734 creatures vanquished. ----------------------------------------

Vanquished Creatures (others)
  Monster Symbol All 'b'
  2 bats (D:4)
2 creatures vanquished. All 'f' A fungus (Lair:7) 89 toadstools
90 creatures vanquished. All 'g' 3 gnolls (D:5) A goblin (D:4) A hobgoblin (D:4)
5 creatures vanquished. All 'l' A giant gecko (D:4)
1 creature vanquished. All 'o' 2 orc wizards (D:5) An orc (D:5)
3 creatures vanquished. All 'P' 2 plants (Lair:8)
2 creatures vanquished. All 'r' A porcupine (Lair:5) 2 rats
3 creatures vanquished. All 'S' An adder (D:4)
1 creature vanquished. All 'z' A hobgoblin zombie (D:5)
1 creature vanquished. All 'Z' A troll skeleton (D:14)
1 creature vanquished.
109 creatures vanquished. Monster Nature Natural Monsters 2 orc wizards (D:5) A porcupine (Lair:5) An adder (D:4) 3 gnolls (D:5) A giant gecko (D:4) An orc (D:5) A goblin (D:4) A hobgoblin (D:4) 2 bats (D:4) 2 rats
15 creatures vanquished. Undead Monsters A troll skeleton (D:14) A hobgoblin zombie (D:5)
2 creatures vanquished. Plants A fungus (Lair:7) 2 plants (Lair:8) 89 toadstools
92 creatures vanquished.
109 creatures vanquished. Ascending Order A troll skeleton (D:14) A porcupine (Lair:5) An adder (D:4) An orc (D:5) A giant gecko (D:4) A hobgoblin (D:4) A goblin (D:4) A hobgoblin zombie (D:5) A fungus (Lair:7) 2 orc wizards (D:5) 2 bats (D:4) 2 rats 2 plants (Lair:8) 3 gnolls (D:5) 89 toadstools
109 creatures vanquished. ----------------------------------------

Grand Total: 843 creatures vanquished

Action                   |  1- 3 |  4- 6 |  7- 9 | 10-12 | 13-15 || total
-------------------------+-------+-------+-------+-------+-------++-------
Melee: Unarmed           |     8 |       |       |       |       ||     8
       Dagger            |       |    10 |       |       |       ||    10
       Whip              |       |       |    21 |    54 |    62 ||   137
       Falchion          |       |       |       |       |    10 ||    10
 Fire: Sling             |    17 |    45 |    13 |       |       ||    75
Throw: Dart              |    10 |       |       |       |       ||    10
       Stone             |     5 |       |       |       |       ||     5
 Cast: Flame Tongue      |    31 |    15 |     8 |     5 |       ||    59
       Throw Flame       |    21 |    58 |   220 |   231 |    64 ||   594
       Conjure Flame     |       |     7 |     3 |     4 |    15 ||    29
       Sticky Flame      |       |       |    22 |    59 |    54 ||   135
       Fireball          |       |       |    38 |   213 |   147 ||   398
       Sublimation of Bl |       |       |    28 |    97 |    45 ||   170
       Stone Arrow       |       |       |       |     6 |    26 ||    32
       Agony             |       |       |       |     2 |    32 ||    34
       Mephitic Cloud    |       |       |       |       |     4 ||     4
Evoke: Wand              |       |     1 |    16 |    17 |    13 ||    47
  Use: Scroll            |     7 |     8 |    10 |    15 |    12 ||    52
       Potion            |       |       |     2 |     2 |     3 ||     7
